TOP OF THE 1ST |
Los Angeles (NYP) Dodgers batting - Pitching for Boise Hawks : RHP Matt Morales
|
Pitching: RHP Matt Morales
|
|
Batting: SHB Alex Noval
|
0-0: Ground out 4-3 (Groundball, 4, EV 105.6 MPH)
|
Batting: RHB Adam Maczko
|
0-0: Called Strike 0-1: SINGLE (Groundball, 34, EV 101.9 MPH) (infield hit)
|
Batting: RHB Tommy Hunter
|
0-0: Fly out, F9 (Flyball, 9LM, EV 91.9 MPH)
|
Batting: RHB Juan Gallegos
|
0-0: Ball 1-0: Swinging Strike 1-1: Ball 2-1: Ball 3-1: Base on Balls Adam Maczko to second
|
Batting: LHB Fernão Manta
|
0-0: Swinging Strike 0-1: DOUBLE (Line Drive, 3D, EV 105.6 MPH) Adam Maczko scores Juan Gallegos to third
|
Batting: RHB Brad Brady
|
0-0: Called Strike 0-1: Called Strike 0-2: Strikes out swinging
|
Top of the 1st over - 1 run, 2 hits, 0 errors, 2 left on base; Los Angeles (NYP) 1 - Boise 0 |
BOTTOM OF THE 1ST |
Boise Hawks batting - Pitching for Los Angeles (NYP) Dodgers : RHP Junzo Fujii
|
Pitching: RHP Junzo Fujii
|
|
Batting: LHB Jerry Santana
|
0-0: Called Strike 0-1: Swinging Strike 0-2: Foul Ball, location: 2F 0-2: Ball 1-2: Foul Ball, location: 2F 1-2: Ball 2-2: Foul Ball, location: 2F 2-2: Ball 3-2: Foul Ball, location: 2F 3-2: Base on Balls
|
Batting: SHB Ken Griffey IV
|
0-0: Called Strike 0-1: Ball Jerry Santana is caught stealing 2nd base 2-6 1-1: Swinging Strike 1-2: Foul Ball, location: 2F 1-2: Ball 2-2: Fly out, F4 (Popup, 34S, EV 90.0 MPH)
|
Batting: LHB Jason Ryan
|
0-0: Ball 1-0: Ball 2-0: Ball 3-0: Called Strike 3-1: Called Strike 3-2: Foul Ball, location: 2F 3-2: Foul Ball, location: 2F 3-2: Base on Balls
|
Batting: SHB Chris Besselman
|
0-0: Ball 1-0: 2-RUN HOME RUN (Flyball, 9D, EV 94.4 MPH), Distance : 352 ft
|
Batting: RHB Dan Hoffman
|
0-0: Called Strike 0-1: Ball 1-1: Ball 2-1: Fly out, F7 (Flyball, 7LS, EV 76.2 MPH)
|
Bottom of the 1st over - 2 runs, 1 hit, 0 errors, 0 left on base; Los Angeles (NYP) 1 - Boise 2 |
TOP OF THE 2ND |
Los Angeles (NYP) Dodgers batting - Pitching for Boise Hawks : RHP Matt Morales
|
Batting: LHB Bobby Gambrell
|
0-0: Ground out 6-3 (Groundball, 6S, EV 94.4 MPH)
|
Batting: RHB Bob Magana
|
0-0: Ball 1-0: Foul Ball, location: 2F 1-1: Ball 2-1: DOUBLE (Groundball, 5L, EV 98.1 MPH)
|
Batting: RHB Chad Rojas
|
0-0: Ball 1-0: SINGLE (Groundball, 56D, EV 95.0 MPH) Bob Magana to third Runner from 3rd tries for Home, SAFE, throw by LF to home
|
Batting: SHB Alex Noval
|
0-0: Ball 1-0: Ball 2-0: Ball 3-0: Base on Balls Chad Rojas to second
|
Batting: RHB Adam Maczko
|
0-0: Ball 1-0: SINGLE (Line Drive, 8RS, EV 104.4 MPH) Chad Rojas to third Alex Noval to second Runner from 3rd tries for Home, SAFE, throw by CF to home Alex Noval to third Adam Maczko to second
|
Batting: RHB Tommy Hunter
|
0-0: Ball 1-0: Foul Ball, location: 2F 1-1: Ball Passed Ball! Alex Noval scores Adam Maczko to third 2-1: Swinging Strike 2-2: Foul Ball, location: 2F 2-2: Ball 3-2: Base on Balls
|
Batting: RHB Juan Gallegos
|
0-0: Ball Tommy Hunter is caught stealing 2nd base 2-4 1-0: Ball 2-0: Ball 3-0: Called Strike 3-1: Base on Balls
|
Batting: LHB Fernão Manta
|
0-0: Called Strike 0-1: Called Strike 0-2: Strikes out swinging
|
Top of the 2nd over - 3 runs, 3 hits, 0 errors, 2 left on base; Los Angeles (NYP) 4 - Boise 2 |
BOTTOM OF THE 2ND |
Boise Hawks batting - Pitching for Los Angeles (NYP) Dodgers : RHP Junzo Fujii
|
Batting: RHB Ryan Ward
|
0-0: Ground out 5-3 (Groundball, 5S, EV 62.5 MPH)
|
Batting: RHB Carlos de Jesus
|
0-0: Called Strike 0-1: Ball 1-1: Fly out, F7 (Line Drive, 78M, EV 102.5 MPH)
|
Batting: RHB Bob Hayes
|
0-0: Fly out, F8 (Line Drive, 8LD, EV 95.0 MPH)
|
Bottom of the 2nd over - 0 runs, 0 hits, 0 errors, 0 left on base; Los Angeles (NYP) 4 - Boise 2 |
TOP OF THE 3RD |
Los Angeles (NYP) Dodgers batting - Pitching for Boise Hawks : RHP Matt Morales
|
Batting: RHB Brad Brady
|
0-0: Ball 1-0: Swinging Strike 1-1: Ground out 6-3 (Groundball, 6M, EV 87.5 MPH)
|
Batting: LHB Bobby Gambrell
|
0-0: Foul Ball, location: 2F 0-1: Ball 1-1: Ball 2-1: Foul Ball, location: 2F 2-2: Ball 3-2: Base on Balls
|
Batting: RHB Bob Magana
|
0-0: Ball Bobby Gambrell steals 2nd base 1-0: Swinging Strike 1-1: Swinging Strike 1-2: Foul Ball, location: 2F 1-2: Strikes out swinging
|
Batting: RHB Chad Rojas
|
0-0: Ball 1-0: Called Strike 1-1: Called Strike Bobby Gambrell steals 3rd, throwing error, E2 Bobby Gambrell scores 1-2: Fly out, F3 (Popup, 3SF, EV 66.2 MPH)
|
Top of the 3rd over - 1 run, 0 hits, 1 error, 0 left on base; Los Angeles (NYP) 5 - Boise 2 |
BOTTOM OF THE 3RD |
Boise Hawks batting - Pitching for Los Angeles (NYP) Dodgers : RHP Junzo Fujii
|
Batting: RHB Aaron Burnet
|
0-0: Foul Ball, location: 2F 0-1: Ball 1-1: Foul Ball, location: 2F 1-2: Ball 2-2: Strikes out looking
|
Batting: LHB Jerry Santana
|
0-0: TRIPLE (Flyball, 89XD, EV 100.0 MPH)
|
Batting: SHB Ken Griffey IV
|
0-0: Foul Ball, location: 2F 0-1: Foul Ball, location: 2F Balk! Jerry Santana scores 0-2: Strikes out swinging
|
Batting: LHB Jason Ryan
|
0-0: Ball 1-0: Foul Ball, location: 2F 1-1: Foul Ball, location: 2F 1-2: Strikes out looking
|
Bottom of the 3rd over - 1 run, 1 hit, 0 errors, 0 left on base; Los Angeles (NYP) 5 - Boise 3 |
TOP OF THE 4TH |
Los Angeles (NYP) Dodgers batting - Pitching for Boise Hawks : RHP Matt Morales
|
Batting: SHB Alex Noval
|
0-0: Ground out 6-3 (Groundball, 6, EV 90.0 MPH)
|
Batting: RHB Adam Maczko
|
0-0: Called Strike 0-1: Ground out 6-3 (Groundball, 6, EV 92.5 MPH)
|
Batting: RHB Tommy Hunter
|
0-0: Ball 1-0: Ball 2-0: DOUBLE (Groundball, 5L, EV 103.8 MPH)
|
Pitching: LHP Matt Belair
|
|
Batting: RHB Juan Gallegos
|
0-0: Ball 1-0: Ball 2-0: Ball 3-0: Base on Balls
|
Batting: LHB Fernão Manta
|
0-0: Ball 1-0: Ground out 4-3 (Groundball, 4, EV 103.1 MPH)
|
Top of the 4th over - 0 runs, 1 hit, 0 errors, 2 left on base; Los Angeles (NYP) 5 - Boise 3 |
BOTTOM OF THE 4TH |
Boise Hawks batting - Pitching for Los Angeles (NYP) Dodgers : RHP Junzo Fujii
|
Batting: SHB Chris Besselman
|
0-0: SINGLE (Flyball, 3D, EV 81.9 MPH)
|
Batting: RHB Dan Hoffman
|
0-0: Called Strike 0-1: 2-RUN HOME RUN (Flyball, 7D, EV 96.2 MPH), Distance : 358 ft
|
Batting: RHB Ryan Ward
|
0-0: Ball 1-0: Ball 2-0: Ball 3-0: Called Strike 3-1: Fly out, F8 (Line Drive, 8LM, EV 105.6 MPH)
|
Pitching: RHP Charles Durand
|
|
Batting: RHB Carlos de Jesus
|
0-0: Ball 1-0: Ball 2-0: Fly out, F8 (Flyball, 89D, EV 93.8 MPH)
|
Batting: RHB Bob Hayes
|
0-0: Foul Ball, location: 2F 0-1: Ball 1-1: Ball 2-1: Called Strike 2-2: SINGLE (Flyball, 8RS, EV 93.1 MPH)
|
Batting: RHB Aaron Burnet
|
0-0: Ball Bob Hayes steals 2nd base 1-0: Called Strike 1-1: DOUBLE (Groundball, 3L, EV 95.0 MPH) Bob Hayes scores
|
Batting: LHB Jerry Santana
|
0-0: Swinging Strike 0-1: Ball 1-1: Swinging Strike 1-2: Foul Ball, location: 2F 1-2: Strikes out swinging
|
Bottom of the 4th over - 3 runs, 4 hits, 0 errors, 1 left on base; Los Angeles (NYP) 5 - Boise 6 |
TOP OF THE 5TH |
Los Angeles (NYP) Dodgers batting - Pitching for Boise Hawks : LHP Matt Belair
|
Batting: RHB Brad Brady
|
0-0: Called Strike 0-1: Ground out 5-3 (Groundball, 56S, EV 68.8 MPH)
|
Batting: LHB Bobby Gambrell
|
0-0: Fly out, F8 (Flyball, 78M, EV 89.4 MPH)
|
Batting: RHB Bob Magana
|
0-0: Called Strike 0-1: Called Strike 0-2: Ball 1-2: Foul Ball, location: 2F 1-2: Ball 2-2: Foul Ball, location: 2F 2-2: Ground out 5-3 (Groundball, 56, EV 103.1 MPH)
|
Top of the 5th over - 0 runs, 0 hits, 0 errors, 0 left on base; Los Angeles (NYP) 5 - Boise 6 |
BOTTOM OF THE 5TH |
Boise Hawks batting - Pitching for Los Angeles (NYP) Dodgers : RHP Charles Durand
|
Batting: SHB Ken Griffey IV
|
0-0: Called Strike 0-1: Foul Ball, location: 2F 0-2: Foul Ball, location: 2F 0-2: Foul Ball, location: 2F 0-2: Strikes out swinging
|
Batting: LHB Jason Ryan
|
0-0: Foul Ball, location: 2F 0-1: Ball 1-1: Called Strike 1-2: Strikes out looking
|
Batting: SHB Chris Besselman
|
0-0: Ball 1-0: Called Strike 1-1: Ball 2-1: Foul Ball, location: 2F 2-2: Ball 3-2: Foul Ball, location: 2F 3-2: Foul Ball, location: 2F 3-2: Strikes out looking
|
Bottom of the 5th over - 0 runs, 0 hits, 0 errors, 0 left on base; Los Angeles (NYP) 5 - Boise 6 |
TOP OF THE 6TH |
Los Angeles (NYP) Dodgers batting - Pitching for Boise Hawks : LHP Matt Belair
|
Batting: RHB Chad Rojas
|
0-0: Ball 1-0: Ball 2-0: Ground out 6-3 (Groundball, 6MD, EV 76.2 MPH)
|
Batting: SHB Alex Noval
|
0-0: DOUBLE (Line Drive, 7LM, EV 100.6 MPH)
|
Batting: RHB Adam Maczko
|
0-0: Foul Ball, location: 2F 0-1: SINGLE (Flyball, 3D, EV 91.2 MPH) Alex Noval to third
|
Batting: RHB Tommy Hunter
|
0-0: Ball 1-0: Ball Adam Maczko is caught stealing 2nd base 2-4 2-0: Ground out 5-3 (Groundball, 5L, EV 76.2 MPH)
|
Top of the 6th over - 0 runs, 2 hits, 0 errors, 1 left on base; Los Angeles (NYP) 5 - Boise 6 |
BOTTOM OF THE 6TH |
Boise Hawks batting - Pitching for Los Angeles (NYP) Dodgers : RHP Charles Durand
|
Batting: RHB Dan Hoffman
|
0-0: Ball 1-0: Ball 2-0: Foul Ball, location: 2F 2-1: Swinging Strike 2-2: Fly out, F7 (Flyball, 7D, EV 88.1 MPH)
|
Batting: RHB Ryan Ward
|
0-0: Called Strike 0-1: Called Strike 0-2: Ball 1-2: Foul Ball, location: 2F 1-2: Fly out, F6 (Line Drive, 6D, EV 68.8 MPH)
|
Batting: RHB Carlos de Jesus
|
0-0: Called Strike 0-1: Ball 1-1: Ball 2-1: Foul Ball, location: 2F 2-2: Ball 3-2: Fly out, F7 (Flyball, 7S, EV 93.1 MPH)
|
Bottom of the 6th over - 0 runs, 0 hits, 0 errors, 0 left on base; Los Angeles (NYP) 5 - Boise 6 |
TOP OF THE 7TH |
Los Angeles (NYP) Dodgers batting - Pitching for Boise Hawks : LHP Matt Belair
|
Batting: RHB Juan Gallegos
|
0-0: Ball 1-0: Ball 2-0: Called Strike 2-1: Ball 3-1: Base on Balls
|
Batting: LHB Fernão Manta
|
0-0: SINGLE (Groundball, 6D, EV 105.6 MPH) Juan Gallegos to second
|
Batting: RHB Brad Brady
|
0-0: Ball 1-0: Ball 2-0: Called Strike 2-1: Swinging Strike 2-2: Ball Wild Pitch! Juan Gallegos to third Fernão Manta to second 3-2: Ground out 2-3 (Groundball, 2R, EV 69.4 MPH)
|
Batting: LHB Bobby Gambrell
|
0-0: Ground out 6-3 (Groundball, 6, EV 86.9 MPH)
|
Batting: RHB Bob Magana
|
0-0: Ball 1-0: Ball 2-0: Ball 3-0: Base on Balls
|
Pitching: RHP Aaron O'Brien
|
|
Batting: RHB Chad Rojas
|
0-0: Ball 1-0: Fly out, F8 (Flyball, 8RD, EV 90.6 MPH)
|
Top of the 7th over - 0 runs, 1 hit, 0 errors, 3 left on base; Los Angeles (NYP) 5 - Boise 6 |
BOTTOM OF THE 7TH |
Boise Hawks batting - Pitching for Los Angeles (NYP) Dodgers : RHP Charles Durand
|
Pitching: RHP Alfredo Sanchez
|
|
Batting: RHB Bob Hayes
|
0-0: Swinging Strike 0-1: Foul Ball, location: 2F 0-2: Strikes out swinging
|
Batting: RHB Aaron Burnet
|
0-0: Ball 1-0: Foul Ball, location: 2F 1-1: Hit by Pitch
|
Batting: LHB Jerry Santana
|
0-0: Called Strike Aaron Burnet is caught stealing 2nd base 2-6 0-1: Ball 1-1: Foul Ball, location: 2F 1-2: Foul Ball, location: 2F 1-2: SINGLE (Groundball, 4MD, EV 95.0 MPH)
|
Batting: SHB Ken Griffey IV
|
0-0: Ball Jerry Santana is caught stealing 2nd base 2-6
|
Bottom of the 7th over - 0 runs, 1 hit, 0 errors, 0 left on base; Los Angeles (NYP) 5 - Boise 6 |
TOP OF THE 8TH |
Los Angeles (NYP) Dodgers batting - Pitching for Boise Hawks : RHP Aaron O'Brien
|
Batting: SHB Alex Noval
|
0-0: Ball 1-0: Fly out, F6 (Line Drive, 6, EV 65.6 MPH)
|
Batting: RHB Adam Maczko
|
0-0: Ball 1-0: Called Strike 1-1: Foul Ball, location: 2F 1-2: Strikes out looking
|
Batting: RHB Tommy Hunter
|
0-0: Ground out 6-3 (Groundball, 6, EV 81.2 MPH)
|
Top of the 8th over - 0 runs, 0 hits, 0 errors, 0 left on base; Los Angeles (NYP) 5 - Boise 6 |
BOTTOM OF THE 8TH |
Boise Hawks batting - Pitching for Los Angeles (NYP) Dodgers : RHP Alfredo Sanchez
|
Batting: SHB Ken Griffey IV
|
0-0: Foul Ball, location: 2F 0-1: Ball 1-1: Swinging Strike 1-2: Foul Ball, location: 2F 1-2: Strikes out swinging
|
Batting: LHB Jason Ryan
|
0-0: Called Strike 0-1: Ball 1-1: Fly out, F7 (Line Drive, 78D, EV 87.5 MPH)
|
Batting: SHB Chris Besselman
|
0-0: Foul Ball, location: 2F 0-1: Swinging Strike 0-2: Ball 1-2: Ground out 3-1 (Groundball, 13, EV 89.4 MPH)
|
Bottom of the 8th over - 0 runs, 0 hits, 0 errors, 0 left on base; Los Angeles (NYP) 5 - Boise 6 |
TOP OF THE 9TH |
Los Angeles (NYP) Dodgers batting - Pitching for Boise Hawks : RHP Aaron O'Brien
|
Pitching: RHP Ryan Squire
|
|
Now at 1B: Brad Madden
|
|
Batting: RHB Juan Gallegos
|
0-0: Ball 1-0: Ball 2-0: Ball 3-0: Base on Balls
|
Batting: LHB Fernão Manta
|
0-0: Foul Ball, location: 2F 0-1: Swinging Strike 0-2: Strikes out swinging
|
Batting: RHB Brad Brady
|
0-0: Called Strike 0-1: Swinging Strike 0-2: Ball 1-2: Strikes out looking
|
Batting: LHB Bobby Gambrell
|
0-0: Ball 1-0: Foul Ball, location: 2F 1-1: Fielders Choice at 2nd, 6-4 (Groundball, 6, EV 95.6 MPH)
|
Top of the 9th over - 0 runs, 0 hits, 0 errors, 1 left on base; Los Angeles (NYP) 5 - Boise 6 |
|